 Dungeon Crawl Stone Soup version 0.32-a0-433-g08bcfe7 (webtiles) character file.

Game seed: 11055963140325111842

15191 Dorkslayer the Grappler (level 11, -10/84 HPs)
             Began as a Demigod Fighter on Feb 22, 2024.
             Mangled by a two-headed ogre
             ... wielding a +0 giant club
              (14 damage)
             ... on level 2 of the Orcish Mines.
             The game lasted 00:48:32 (13659 turns).

Dorkslayer the Grappler (Demigod Fighter)          Turns: 13659, Time: 00:48:33

Health: -10/84     AC: 21    Str: 29    XL:     11   Next: 66%
Magic:  14/14      EV: 11    Int: 10    God:
Gold:   1544       SH: 11    Dex: 19    Spells: 10/10 levels left

rFire   + .          .
                       - Unarmed
rCold   . . .        l - +0 kite shield
rNeg    . . .        E - +2 chain mail {rF+}
rPois   .            p - +1 helmet
rElec   .            j - +0 cloak
rCorr   .            g - +0 pair of gloves
SInv    .            (no boots)
Will    ++...        (no amulet) Stlth
                     I - +4 ring of protection
HPRegen 0.34/turn    q - +6 ring of dexterity
MPRegen 0.14/turn

%: no passive effects
@: no status effects
A: high MP 1, forlorn, divine attributes, strong-willed 1, subdued magic 1
a: no special abilities


You were on level 2 of the Orcish Mines.
You visited 3 branches of the dungeon, and saw 14 of its levels.
You also visited: Bailey.

You collected 1847 gold pieces.
You spent 303 gold pieces at shops.

Inventory:

Hand Weapons
 v - a +1 spectral war axe
 w - a +5 broad axe of distortion
 y - a +0 hand axe of holy wrath
Missiles
 b - 6 javelins
 d - a throwing net
 B - 4 boomerangs (quivered)
Armour
 g - a +0 pair of gloves (worn)
 j - a +0 cloak (worn)
 l - a +0 kite shield (worn)
 p - a +1 helmet (worn)
 E - a +2 chain mail of fire resistance (worn)
Jewellery
 h - a ring of see invisible
 q - a +6 ring of dexterity (right hand)
 x - a ring of positive energy
 I - a +4 ring of protection (left hand)
Talismans
 f - a serpent talisman
 u - a blade talisman
Wands
 c - a wand of digging (4)
 i - a wand of roots (14)
 m - a wand of paralysis (1)
 J - a wand of flame (6)
Scrolls
 k - a scroll of immolation
 z - a scroll of amnesia
 C - a scroll of fog
 G - a scroll of revelation
Potions
 n - 2 potions of curing
 o - a potion of magic
 r - 2 potions of mutation
 s - 2 potions of enlightenment
 t - a potion of lignification
 D - a potion of cancellation
 H - a potion of brilliance
Miscellaneous
 e - a phantom mirror (inert)


   Skills:
 + Level 4.0 Fighting
 + Level 1.2 Throwing
 + Level 7.1 Armour
 + Level 5.5 Dodging
 - Level 6.1 Shields
 + Level 11.0 Unarmed Combat
 + Level 5.6 Evocations
 * Level 7.0 Shapeshifting


You had 10 spell levels left.
You didn't know any spells.
Your spell library contained the following spells:

 Spells                   Type           Power      Damage    Failure   Level
 Call Imp                 Summ           0%         N/A       98%         2
 Ensorcelled Hibernation  Hex/Ice        0%         N/A       98%         2
 Sublimation of Blood     Necr           0%         N/A       98%         2
 Gell's Gravitas          Tloc           0%         N/A       100%        3
 Passwall                 Erth           0%         N/A       100%        3
 Swiftness                Air            0%         N/A       100%        3
 Teleport Other           Tloc           0%         N/A       100%        3
 Dispersal                Tloc           0%         N/A       100%        6
 Summon Hydra             Summ           0%         N/A       100%        7


Dungeon Overview and Level Annotations

Branches:
Dungeon (11/15)            Temple (1/1) D:4            Lair (0/5) D:10
    Orc (2/2) D:9          Bailey (visited)
    Elf: Orc:2

Shops:
D:3 [   D:6 (   D:10 *   Orc:2 *:((


Innate Abilities, Weirdness & Mutations

You have an increased reservoir of magic. (+10% MP)
You shall have no god before yourself.
Your divine heritage dramatically boosts your attributes as you level up.
You are strong-willed. (Will+)
Your spells are a little easier to cast, but a little less powerful.


Message History

The two-headed ogre is lightly wounded.
You block the two-headed ogre's attack. x2
You punch the two-headed ogre!
The two-headed ogre is moderately wounded.
The two-headed ogre attacks as it pursues you!
You block the two-headed ogre's attack. x2
Found 13 gold pieces.
You hit the ogre.
The ogre is moderately wounded.
You punch the two-headed ogre!
The two-headed ogre is heavily wounded.
You hit the two-headed ogre but do no damage.
The two-headed ogre is heavily wounded.
The two-headed ogre barely misses you. You block the two-headed ogre's attack.
You hit the two-headed ogre.
The two-headed ogre is heavily wounded.
You hit the two-headed ogre.
The two-headed ogre is heavily wounded.
The two-headed ogre misses you. You block the two-headed ogre's attack.
You punch the two-headed ogre!
The two-headed ogre is severely wounded.
An ogre comes into view. It is wielding a +0 giant club.
The two-headed ogre barely misses you.
The two-headed ogre hits you but does no damage.
The ogre shouts!
You pummel the two-headed ogre!!
You kill the two-headed ogre!
Your Unarmed Combat skill increases to level 11!
Your Shapeshifting skill increases to level 7!
You hit the two-headed ogre.
The two-headed ogre is lightly wounded.
You block the two-headed ogre's attack.
The two-headed ogre hits you with a +0 giant club!!
* * * LOW HITPOINT WARNING * * *
You barely miss the two-headed ogre.
The two-headed ogre is lightly wounded.
You punch the two-headed ogre!
The two-headed ogre is moderately wounded.
The two-headed ogre hits you with a +0 giant club!
You die...

....### .....#.. .#......
$....... .......# .....#
#..## #..@# ..##.#O##
......OOO################
#.....#O#.##.O..O.....§§§
.......O.TOO..OO.....§§§§
#.#......OOO.########.§##
# #.........## ...§§
..#.....#..# .....O.
.#.........# .......


You could see 3 two-headed ogres and 2 ogres.

Vanquished Creatures
  A boulder beetle (D:11)
  4 two-headed ogres
  Urug (D:9)
  Pikel (D:6)
  An orc knight (D:9)
  An ugly thing (D:11)
  Maurice (D:7)
  A kobold blastminer (Orc:1)
  A gargoyle (D:11)
  A kobold demonologist (D:11)
  An unseen horror (D:11)
  A komodo dragon (D:11)
  4 trolls
  A wyvern (D:10)
  A vampire (D:7)
  A wraith (D:10)
  A warg (D:9)
  4 steam dragons
  A basilisk (D:10)
  Menkaure (D:7)
  An acid dragon (D:11)
  A water moccasin (D:5)
  A sky beast (D:7)
  10 orc warriors
  3 black bears
  An ice beast (D:7)
  4 wolves (Bailey)
  2 lemures (D:6)
  3 centaurs
  2 ogres
  2 bullfrogs (D:7)
  2 scorpions
  7 gnoll sergeants
  9 wights (D:8)
  13 killer bees
  5 howler monkeys
  10 orc priests
  2 bombardier beetles
  3 hounds
  A jelly (D:5)
  8 gnoll boudas (Bailey)
  2 iguanas (D:10)
  Ijyb (D:5)
  11 orc wizards
  A hell rat (D:10)
  17 gnolls
  3 river rats (D:10)
  5 adders
  A shadow imp (D:8)
  4 dart slugs
  2 ribbon worms (D:2)
  54 orcs
  3 bats
  3 endoplasms
  3 giant cockroaches
  11 goblins
  5 hobgoblins
  6 jackals
  8 kobolds
  4 quokkas
  10 ball pythons
  4 frilled lizards
  6 rats
283 creatures vanquished.

Vanquished Creatures (collateral kills)
  Fannar (Orc:1)
  Maggie (D:9)
2 creatures vanquished.

Grand Total: 285 creatures vanquished

Notes
Turn   | Place    | Note
-------+----------+-------------------------------------------
     0 | D:1      | Dorkslayer the Demigod Fighter began the quest for the Orb.
     0 | D:1      | Reached XP level 1. HP: 18/18 MP: 3/3
   237 | D:1      | Reached XP level 2. HP: 26/26 MP: 4/4
   483 | D:1      | Reached skill level 2 in Unarmed Combat
   993 | D:2      | Reached skill level 1 in Dodging
  1175 | D:2      | Reached XP level 3. HP: 27/31 MP: 5/5
  1695 | D:3      | Found Qoipnyo's Antique Armour Shoppe.
  1919 | D:3      | You fall into a shaft and drop 2 floors!
  1919 | D:5      | Entered Level 5 of the Dungeon
  2082 | D:5      | Reached XP level 4. HP: 22/32 MP: 6/6
  2199 | D:3      | Identified the +0 plate armour "Hytod" {+Inv}
  2580 | D:4      | Reached skill level 1 in Shapeshifting
  2824 | D:4      | Reached XP level 5. HP: 22/45 MP: 7/7
  2834 | D:4      | Reached skill level 3 in Unarmed Combat
  2959 | D:4      | Found a staircase to the Ecumenical Temple.
  2972 | Temple   | Entered the Ecumenical Temple
  3069 | D:4      | Found the amulet of Elemental Vulnerability {rPois rF--
                  | rC-- AC+8}
  3364 | D:5      | Reached skill level 1 in Evocations
  3429 | D:5      | Noticed Ijyb
  3454 | D:5      | Killed Ijyb
  3532 | D:5      | Noticed a water moccasin
  3542 | D:5      | Killed a water moccasin
  3543 | D:5      | Reached XP level 6. HP: 49/51 MP: 8/8
  4118 | D:6      | Noticed Pikel
  4182 | D:6      | Killed Pikel
  4183 | D:6      | Reached skill level 4 in Unarmed Combat
  4183 | D:6      | Reached XP level 7. HP: 51/57 MP: 9/9
  4208 | D:6      | Found Yrphyec's Weapon Shop.
  4279 | D:6      | Reached skill level 5 in Unarmed Combat
  4627 | D:7      | Noticed a steam dragon
  4633 | D:7      | Killed a steam dragon
  4634 | D:7      | Reached XP level 8. HP: 36/63 MP: 10/10
  4963 | D:7      | Noticed Maurice
  4966 | D:7      | Paralysed by Maurice for 5 turns
  4969 | D:7      | Maurice stole a blade talisman
  4979 | D:7      | Paralysed by Maurice for 3 turns
  4985 | D:7      | Killed Maurice
  4986 | D:7      | Reached skill level 6 in Unarmed Combat
  5165 | D:7      | Noticed Menkaure
  5175 | D:7      | Killed Menkaure
  5387 | D:7      | Reached XP level 9. HP: 66/70 MP: 11/11
  5526 | D:7      | Reached skill level 7 in Unarmed Combat
  6397 | D:8      | Reached skill level 5 in Armour
  6733 | D:8      | Reached skill level 5 in Shields
  7078 | D:9      | Found a flagged portal.
  7098 | Bailey   | Entered a bailey
  7590 | Bailey   | Reached skill level 5 in Evocations
  7890 | Bailey   | Reached skill level 5 in Dodging
  7891 | Bailey   | Reached XP level 10. HP: 69/77 MP: 13/13
  8763 | D:9      | Found a staircase to the Orcish Mines.
  8903 | D:9      | Noticed Maggie
  8909 | D:9      | Killed Maggie
  8910 | D:9      | Reached skill level 8 in Unarmed Combat
  8931 | D:9      | Reached skill level 5 in Shapeshifting
  9359 | D:10     | Entered Level 10 of the Dungeon
  9393 | D:10     | Noticed a two-headed ogre
  9397 | D:10     | Found a staircase to the Lair.
  9410 | D:10     | Killed a two-headed ogre
  9411 | D:10     | Reached skill level 1 in Throwing
  9607 | D:10     | Found Vaip's Assorted Antiques.
 10591 | D:11     | Noticed a two-headed ogre
 10602 | D:11     | Killed a two-headed ogre
 10603 | D:11     | Reached skill level 9 in Unarmed Combat
 10667 | D:10     | Bought a runed moonstone ring for 165 gold pieces
 10667 | D:10     | Bought a wand of flame (6) for 138 gold pieces
 10954 | D:11     | Reached XP level 11. HP: 51/83 MP: 14/14
 11347 | D:11     | Noticed a boulder beetle
 11365 | D:11     | Killed a boulder beetle
 11783 | Orc:1    | Entered Level 1 of the Orcish Mines
 11783 | Orc:1    | Noticed an orc knight
 11926 | Orc:1    | Noticed Urug
 12121 | D:9      | Reached skill level 10 in Unarmed Combat
 12134 | D:9      | Killed an orc knight
 12464 | Orc:1    | Noticed a two-headed ogre
 12472 | D:9      | Killed a two-headed ogre
 12526 | D:9      | Killed Urug
 13086 | Orc:1    | Noticed Fannar
 13105 | Orc:1    | Killed Fannar
 13540 | Orc:2    | Entered Level 2 of the Orcish Mines
 13567 | Orc:2    | Noticed a two-headed ogre
 13619 | Orc:2    | Noticed an ogre mage
 13625 | Orc:2    | Gained mutation: You are strong-willed. (Will+) [potion of
                  | mutation]
 13625 | Orc:2    | Gained mutation: Your spells are a little easier to cast,
                  | but a little less powerful. [potion of mutation]
 13628 | Orc:2    | Found Orux's Weapon Shoppe.
 13628 | Orc:2    | Found Leelihuv's General Store.
 13628 | Orc:2    | Found Isud Has's Antique Weapon Boutique.
 13628 | Orc:2    | Found Dung's Book Shoppe.
 13628 | Orc:2    | Noticed a two-headed ogre
 13628 | Orc:2    | Noticed a two-headed ogre
 13628 | Orc:2    | Noticed a two-headed ogre
 13628 | Orc:2    | Noticed an ogre mage
 13633 | Orc:2    | Noticed a two-headed ogre
 13635 | Orc:2    | Noticed a two-headed ogre
 13641 | Orc:2    | Noticed a two-headed ogre
 13656 | Orc:2    | Killed a two-headed ogre
 13657 | Orc:2    | Reached skill level 11 in Unarmed Combat
 13657 | Orc:2    | HP: 3/84 [two-headed ogre/+0 giant club (18)]
 13659 | Orc:2    | Mangled by a two-headed ogre

Illustrated notes

Levels and vault maps discovered:
D:1:      nzn_arrival_crosshair, layout_loops_ring, minmay_misc_feat_rows
D:2:      layout_loops_corners, chequers_mini_garden
D:3:      layout_basic, grunt_temple_overflow_forces_of_nature, serial_shops,
          shop
D:4:      layout_loops_ring, lemuel_temple_firewalk_a, due_unseen_surprise
D:5:      layout_cave_pods, uniq_ijyb
D:6:      layout_rooms, serial_shops, nicolae_diamond_shop, uniq_pikel
D:7:      nicolae_cairo_tiling_very_big, layout_loops_ring,
          nicolae_overflow_hallway_of_the_gods, mainiacjoe_overflow_alcove_1,
          uniq_menkaure, uniq_maurice
D:8:      layout_basic
D:9:      layout_stronghold, minmay_orc_entry_temple_large, enter_bailey_3,
          uniq_maggie
D:10:     layout_cave_pods, kennysheep_mini, grunt_dithmenos_smoke_and_mirrors,
          dpeg_lair_monsters, chequers_avenue, nicolae_take_the_stairs
D:11:     layout_loops_ring, nrook_loot_triangle
Temple:   hellmonk_temple_flake
Orc:1:    layout_diamond_mine, uniq_fannar, uniq_urug
Orc:2:    st_orc_ogre_mass, layout_caves, gammafunk_ghost_berserking_beasts,
          serial_shops, shop

Skill      XL: |  1  2  3  4  5  6  7  8  9 10 11 |
---------------+----------------------------------+-----
Fighting       | 3 4 |  4.0
Unarmed Combat | 2 3 4 5 6 7 9 11 | 11.0
Dodging        | 1 2 3 4 5 |  5.5
Shields        | 3 4 5 6 |  6.1
Armour         | 3 4 5 6 7 |  7.1
Shapeshifting  | 1 3 4 6 7 |  7.0
Evocations     | 1 2 3 5 |  5.6
Throwing       | 1 |  1.2

Action                     |  1- 3 |  4- 6 |  7- 9 | 10-12 || total
---------------------------+-------+-------+-------+-------++-------
  Melee: Unarmed           |   189 |   248 |   380 |   548 ||  1365
  Throw: Boomerang         |       |       |     7 |    13 ||    20
         Throwing net      |       |       |     7 |     6 ||    13
  Evoke: Wand              |       |     6 |    31 |    14 ||    51
         Phantom mirror    |       |       |       |     2 ||     2
    Use: Scroll            |     3 |    10 |    13 |     8 ||    34
         Potion            |       |     3 |    11 |     4 ||    18
   Stab: Paralysed         |       |    17 |     7 |    52 ||    76
         Held in net/web   |       |       |     4 |     5 ||     9
 Armour: Scale mail        |    87 |       |       |       ||    87
         Plate armour      |    26 |   166 |   304 |   368 ||   864
         Chain mail        |       |       |       |    73 ||    73
  Dodge: Dodged            |    71 |    59 |   141 |   212 ||   483
  Block: Buckler           |    42 |    44 |    47 |       ||   133
         Kite shield       |       |       |   134 |   367 ||   501

Table legend: (Time is in decaauts)
 A = Elapsed time spent in this place.
 B = Non-inter-level travel time spent in this place.
 C = Inter-level travel time spent in this place.
 D = Time resting spent in this place.
 E = Time spent auto-exploring this place.
 F = Levels seen in this place.
 G = Mean time per level.
                   A        B        C        D        E       F      G
               +--------+--------+--------+--------+--------+-----+--------+
         Total |  13564 |  13257 |    307 |   1606 |   6575 |  15 |  904.3 |
       Dungeon |  11704 |  11398 |    306 |   1256 |   5849 |  11 | 1064.0 |
        Temple |      1 |      1 |      0 |      0 |      0 |   1 |    1.0 |
  Orcish Mines |    774 |    774 |      0 |     33 |    415 |   2 |  387.0 |
        Bailey |   1084 |   1084 |      0 |    317 |    311 |   1 | 1084.0 |
               +--------+--------+--------+--------+--------+-----+--------+

Top non-repeatable levels by time:
     D:9: 2319 daAuts
     D:7: 1323 daAuts
    D:11: 1263 daAuts
    D:10: 1128 daAuts
  Bailey: 1084 daAuts
     D:5: 994 daAuts
     D:4: 961 daAuts
     D:2: 953 daAuts
     D:8: 908 daAuts
     D:1: 754 daAuts
   Orc:1: 658 daAuts
     D:3: 554 daAuts
     D:6: 542 daAuts
   Orc:2: 115 daAuts
  Temple: 1 daAuts
